 Dungeon Crawl Stone Soup version 0.31-a0-151-ge443d1f16c (webtiles) character file.

Game seed: 5812063954553167980

65 qw the Shooter (level 4, 0/27 HPs)
             Began as a Gargoyle Hunter on June 8, 2023.
             Slain by a hobgoblin (2 damage)
             ... led by Robin
             ... on level 2 of the Dungeon.
             The game lasted 00:00:16 (313 turns).

qw the Shooter (Gargoyle Hunter)                     Turns: 313, Time: 00:00:16

Health: 0/27       AC:  6    Str: 15    XL:     4   Next: 13%
Magic:  4/4        EV: 11    Int:  9    God:
Gold:   43         SH:  0    Dex: 15    Spells: 3/3 levels left

rFire   . . .        a - +0 shortbow
rCold   . . .        (shield currently unavailable)
rNeg    + . .        c - +0 leather armour
rPois   inf          (no helmet)
rElec   +            (no cloak)
rCorr   .            (no gloves)
SInv    .            (no boots)
Will    .....        (no amulet)
Stlth   ++           (no ring)
HPRegen 0.24/turn    (no ring)
MPRegen 0.09/turn

%: no passive effects
@: no status effects
A: sickness immunity, AC +3, negative energy resistance 1, electricity
resistance, torment resistance 1, petrification resistance
a: no special abilities


You were on level 2 of the Dungeon.
You visited 1 branch of the dungeon, and saw 2 of its levels.

You collected 43 gold pieces.


Innate Abilities, Weirdness & Mutations

You are immune to sickness and miasma.
Your stone body is resilient. (AC +3)
You are immune to poison.
You resist negative energy. (rN+)
You are resistant to electric shocks. (rElec)
You are resistant to unholy torment.
You are immune to petrification.


   Skills:
 + Level 2.7 Fighting
 - Level 5.3 Ranged Weapons
 - Level 1.5 Dodging
 - Level 1.1 Stealth


You had 3 spell levels left.
You didn't know any spells.
Your spell library was empty.

Inventory:

Hand Weapons
 a - a +0 shortbow (weapon)
Armour
 c - a +0 leather armour (worn)
Scrolls
 b - a scroll of butterflies
 d - a scroll of teleportation {unknown}
 j - a scroll of identify {unknown}
Potions
 e - a potion of degeneration {unknown}
 f - a potion of ambrosia {unknown}
 g - a potion of curing {unknown}
 h - a potion of mutation {unknown}
 i - a potion of brilliance {unknown}

Dungeon Overview and Level Annotations

Branches:
Dungeon (1/15)

Altars:

Annotations:
D:2 Robin


Message History

The goblin no longer looks unusually strong.
You shoot an arrow. The arrow barely misses the goblin.
The arrow hits the goblin.
You kill the goblin!
The goblin no longer looks unusually strong.
The goblin closely misses you.
You shoot an arrow. The arrow hits the goblin.
You kill the goblin!
The hobgoblin no longer looks unusually strong.
Robin throws the goblin at you! The hobgoblin misses you.
You shoot an arrow. The arrow hits the hobgoblin.
The hobgoblin is lightly wounded.
Robin roars a battlecry!
The goblins go into a battle-frenzy!
The hobgoblin barely misses you. The goblin barely misses you.
You shoot an arrow. The arrow hits the hobgoblin.
The hobgoblin is heavily wounded.
The goblin no longer looks unusually strong.
The hobgoblin closely misses you. The goblin hits you with a +0 club.
You shoot an arrow. The arrow barely misses the hobgoblin.
The arrow hits the goblin.
The goblin is severely wounded.
The hobgoblin hits you but does no damage.
Robin throws the goblin at you! The goblin hits you but does no damage.
You shoot an arrow. The arrow closely misses the hobgoblin.
The arrow closely misses the goblin.
The arrow barely misses Robin.
The goblin hits you with a +0 club.
The hobgoblin hits you but does no damage.
The goblin hits you but does no damage.
You shoot an arrow. The arrow hits the hobgoblin.
You kill the hobgoblin!
The goblin hits you but does no damage.
Robin roars a battlecry!
The goblin goes into a battle-frenzy!
The goblin hits you but does no damage.
You shoot an arrow. The arrow barely misses the hobgoblin.
The arrow hits the goblin.
You kill the goblin!
The goblin hits you with a +0 club. The hobgoblin hits you.
You die...

.. #.######)...###
..J #.......).....#
.... ###..........#
...gg####..........#
S..gg.g)#............
#.)............
##...########..
####gg## ..
#g@gg..####...
#g####......# #.
######## .. .## .. ..
...


You could see Robin, a hobgoblin (strong) and 4 goblins.

Vanquished Creatures
  Natasha (D:2)
  An adder (D:2)
  3 endoplasms
  2 giant cockroaches (D:1)
  7 goblins
  A hobgoblin (D:2)
  4 jackals (D:1)
  2 kobolds (D:2)
  2 quokkas
  4 ball pythons
27 creatures vanquished.

Notes
Turn   | Place    | Note
-------+----------+-------------------------------------------
     0 | D:1      | qw the Gargoyle Hunter began the quest for the Orb.
     0 | D:1      | Reached XP level 1. HP: 12/12 MP: 1/1
     0 | D:1      | 0 ||| qw: Version: 0.2-a-120-gdf1a93b
     0 | D:1      | 0 ||| qw: Game counter: 3030
     0 | D:1      | 0 ||| qw: Always use a shield: true
     0 | D:1      | 0 ||| qw: God list: Okawaru
     0 | D:1      | 0 ||| qw: Allow faded altars: false
     0 | D:1      | 0 ||| qw: Do Orc after D:15 true
     0 | D:1      | 0 ||| qw: Do second Lair branch before Depths: true
     0 | D:1      | 0 ||| qw: Lair rune preference: random
     0 | D:1      | 0 ||| qw: Plans: Normal
     0 | D:1      | 0 ||| PLANNING D:1-11
    66 | D:1      | Reached XP level 2. HP: 17/17 MP: 2/2
   184 | D:1      | You fall into a shaft and drop 1 floor!
   210 | D:2      | Noticed Natasha
   212 | D:2      | Reached XP level 3. HP: 21/21 MP: 3/3
   218 | D:2      | Killed Natasha
   219 | D:2      | Reached skill level 5 in Ranged Weapons
   283 | D:2      | Reached XP level 4. HP: 27/27 MP: 4/4
   290 | D:2      | Noticed Robin
   294 | D:2      | 294 ||| Stepping ~*~*~tactically~*~*~ (outnumbered).
   295 | D:2      | 295 ||| Stepping ~*~*~tactically~*~*~ (outnumbered).
   301 | D:2      | 301 ||| Stepping ~*~*~tactically~*~*~ (outnumbered).
   305 | D:2      | 305 ||| Stepping ~*~*~tactically~*~*~ (outnumbered).
   309 | D:2      | HP: 6/27 [goblin/+0 club[Robin] (5)]
   313 | D:2      | HP: 2/27 [goblin/+0 club[Robin] (4)]
   313 | D:2      | Slain by a hobgoblin

Levels and vault maps discovered:
D:1:      dpeg_arrival_refuge, layout_basic
D:2:      layout_rooms, minmay_misc_feat_pillars, uniq_robin, uniq_natasha

Skill      XL: |  1  2  3 |
---------------+----------+-----
Ranged Weapons | 5 |  5.3
Fighting       | |  2.7
Dodging        | |  1.5
Stealth        | |  1.1

Action                     |  1- 3 |  4- 6 || total
---------------------------+-------+-------++-------
   Fire: Shortbow          |    68 |    19 ||    87
 Armour: Leather armour    |    12 |    18 ||    30
  Dodge: Dodged            |    26 |    20 ||    46

Table legend:
 A = Non-vault XP
 B = Vault XP
 C = Vault XP percentage of total XP
 D = Non-vault monster count
 E = Vault monster count
 F = Vault count percentage of total count
                 A         B        C        D         E       F
            +---------+---------+-------+---------+---------+-------
      Total |      45 |      50 |  52.6 |      19 |       8 |  29.6
            +---------+---------+-------+---------+---------+-------
        D:1 |      23 |       0 |   0.0 |      13 |       0 |   0.0
        D:2 |      22 |      50 |  69.4 |       6 |       8 |  57.1
            +---------+---------+-------+---------+---------+-------
